 Dungeon Crawl Stone Soup version 0.17.0-24-gcfadda4 (webtiles) character file.

219 Raultor the Sneak (level 5, -1/35 HPs)
             Began as a Vampire Enchanter on Nov 16, 2015.
             Was an Initiate of Ashenzari.
             Slain by Pikel
             ... wielding a +1 whip of freezing
              (4 damage)
             ... on level 4 of the Dungeon.
             The game lasted 00:12:11 (3509 turns).

Raultor the Sneak (Vampire Enchanter)               Turns: 3509, Time: 00:12:11

Health: -1/35      AC:  4    Str:  7    XL:     5   Next: 64%
Magic:  0/8        EV: 13    Int: 19    God:    Ashenzari [......]
Gold:   261        SH:  0    Dex: 14    Spells: 3 memorised, 2 levels left

rFire  . . .     SeeInvis +     s - +2 dagger (drain)
rCold  + + .     Clarity  +     b - +1 robe
rNeg   + + +     SustAt   .     (no shield)
rPois  +         Gourm    .     (no helmet)
rElec  .         Spirit   .     r - +0 cloak
rCorr  .         Warding  .     (no gloves)
rMut   .         Stasis   .     (no boots)
MR     .....                    w - amulet of clarity
Stlth  +++++.....               (no ring)
                                (no ring)

@: regenerating slowly, not resistant to hostile enchantments, quite stealthy
A: fangs 3, see invisible, unbreathing
a: Bat Form, Renounce Religion


You were on level 4 of the Dungeon.
You worshipped Ashenzari.
Ashenzari was noncommittal.
You were near bloodless.

You visited 1 branch of the dungeon, and saw 4 of its levels.

You collected 261 gold pieces.

Inventory:

Hand Weapons
 a - a +1 dagger
 m - a +0 rapier
 s - a +2 dagger of draining (weapon)
Missiles
 g - 7 poisoned needles
Armour
 b - a +1 robe (worn)
 r - a +0 cloak (worn)
Jewellery
 w - an amulet of clarity (around neck)
Scrolls
 e - 3 scrolls of amnesia {unknown}
 h - 2 scrolls of enchant armour {unknown}
 i - 2 scrolls of noise {unknown}
 n - 6 scrolls of identify {unknown}
 o - a scroll of teleportation {unknown}
 p - a scroll of fear {unknown}
 q - a scroll of remove curse
 t - a scroll of random uselessness {unknown}
 u - a scroll of immolation {unknown}
Potions
 d - 11 potions of blood
 f - a potion of heal wounds {unknown}
 j - 2 potions of curing {unknown}
 k - a potion of degeneration {unknown}
 l - a potion of brilliance {unknown}
 v - a potion of cure mutation {unknown}
 x - a potion of haste {unknown}
Books
 c - a book of Maledictions

   Spells                             Type                      Level
   a - Corona                         Hexes                        1
   b - Ensorcelled Hibernation        Hexes/Ice                    2
   c - Confuse                        Hexes                        3
   d - Tukima's Dance                 Hexes                        3
   e - Dazzling Spray                 Conjuration/Hexes            3


   Skills:
 + Level 1.2 Short Blades
 - Level 3.1 Dodging
 + Level 7.9 Stealth
 - Level 2.0 Spellcasting
 * Level 6.3 Hexes


You had 2 spell levels left.
You knew the following spells:

 Your Spells              Type           Power        Failure   Level  Hunger
a - Corona                Hex            ####...      1%          1    #......
b - Ensorcelled Hibernat  Hex/Ice        ##....       10%         2    ###....
c - Tukima's Dance        Hex            ####....     4%          3    ###....


Dungeon Overview and Level Annotations

Branches:
Dungeon (4/15)
 Temple: D:4-7

Altars:
Ashenzari
Makhleb
Zin

Annotations:
D:4 Grinder, Pikel


Innate Abilities, Weirdness & Mutations

You heal slowly.
You have razor-sharp teeth.
You have supernaturally acute eyesight.
You can survive without breathing.


Message History

Aim: Pikel, wielding a whip of freezing and wearing a robe (chance to defeat MR: 44%) Pikel resists with some effort.
Pikel hits you with a whip of freezing. The slave hits you.
The slave shouts!
Casting: Ensorcelled Hibernation
Confirm with . or Enter, or press ? or * to list all spells.
Aiming: Ensorcelled Hibernation
Press: ? - help, Shift-Dir - straight line, f/p - Pikel
Aim: Pikel, wielding a whip of freezing and wearing a robe (chance to defeat MR: 44%) Pikel resists with some effort.
The slave hits you. Pikel closely misses you. The slave closely misses you.
The slave hits you.
Casting: Ensorcelled Hibernation
Confirm with . or Enter, or press ? or * to list all spells.
Aiming: Ensorcelled Hibernation
Press: ? - help, Shift-Dir - straight line, f/p - Pikel
Aim: Pikel, wielding a whip of freezing and wearing a robe (chance to defeat MR: 44%) Pikel resists with some effort.
The slave hits you!
* * * LOW HITPOINT WARNING * * *
Pikel hits you with a whip of freezing.
You die...

####### #####
<......#####+# .....
.......#p....# .....
.......@pp...# .........
......K#p....#..........
.......#.....#..........
.......#...###..........
########...#.....#######
........#.....#......
........#.....#......
.........'.....#......
##########.....##.####


You could see Pikel and 4 slaves.

Vanquished Creatures
  A crimson imp (D:4)
  An orc wizard (D:3)
  Jessica (D:2)
  Terence (D:3)
  3 adders
  2 oozes
  3 worms
  A giant gecko (D:2)
  5 orcs (D:3)
  4 bats
  4 giant cockroaches
  6 goblins
  3 hobgoblins (D:2)
  7 jackals (D:2)
  10 kobolds
  3 rats
55 creatures vanquished.

Notes
Turn   | Place    | Note
--------------------------------------------------------------
     0 | D:1      | Raultor the Vampire Enchanter began the quest for the Orb.
     0 | D:1      | Reached XP level 1. HP: 13/13 MP: 3/3
    92 | D:1      | Found a shattered altar of Ashenzari.
   107 | D:1      | Became a worshipper of Ashenzari the Shackled
   351 | D:1      | Reached XP level 2. HP: 16/19 MP: 3/5
   357 | D:1      | Learned a level 2 spell: Ensorcelled Hibernation
   428 | D:1      | Reached skill level 5 in Hexes
   789 | D:2      | Reached skill level 5 in Stealth
   792 | D:2      | Reached XP level 3. HP: 11/24 MP: 3/6
  1054 | D:2      | Noticed Jessica
  1060 | D:2      | Killed Jessica
  1098 | D:2      | Reached XP level 4. HP: 30/30 MP: 2/7
  1135 | D:2      | Reached skill level 6 in Stealth
  1590 | D:2      | Found a burning altar of Makhleb.
  1592 | D:2      | Found a glowing silver altar of Zin.
  1592 | D:2      | Noticed an angel
  1593 | D:2      | Noticed a blizzard demon
  1791 | D:3      | Learned a level 3 spell: Tukima's Dance
  1845 | D:3      | Reached skill level 7 in Stealth
  1845 | D:3      | Reached XP level 5. HP: 11/35 MP: 1/8
  2207 | D:3      | Noticed Terence
  2214 | D:3      | Killed Terence
  2735 | D:4      | Noticed Grinder
  2769 | D:4      | Paralysed by Grinder for 3 turns
  3496 | D:4      | Noticed a slave
  3496 | D:4      | Noticed a slave
  3497 | D:4      | Noticed Pikel
  3498 | D:4      | Noticed a slave
  3498 | D:4      | Noticed a slave
  3509 | D:4      | Slain by Pikel

Action                   |  1- 3 |  4- 6 || total
-------------------------+-------+-------++-------
Melee: Dagger            |    67 |    53 ||   120
       Rapier            |       |    32 ||    32
 Cast: Corona            |     1 |     2 ||     3
       Ensorcelled Hiber |     6 |    24 ||    30
       Tukima's Dance    |       |     2 ||     2
 Abil: End Transformatio |       |     1 ||     1
       Bat Form          |       |     1 ||     1
  Use: Potion            |       |     2 ||     2
 Stab: Sleeping          |    16 |    12 ||    28
